 Dungeon Crawl Stone Soup version 0.23-a0-677-g07611c5 (webtiles) character file.

1 Amnesiac the Digger (level 1, 0/11 HPs)
             Began as an Octopode Earth Elementalist on Jan 9, 2019.
             Slain by a giant cockroach (1 damage)
             ... on level 1 of the Dungeon.
             The game lasted 00:00:13 (18 turns).

Amnesiac the Digger (Octopode Earth Elementalist)     Turns: 18, Time: 00:00:14

Health: 0/11       AC:  1    Str:  7    XL:     1   Next: 20%
Magic:  3/3        EV: 13    Int: 17    God:
Gold:   0          SH:  0    Dex: 12    Spells: 3/4 levels left

rFire    . . .     SeeInvis .   (no weapon)
rCold    . . .     Gourm    .   (no shield)
rNeg     . . .     Faith    .   (helmet restricted)
rPois    .         Spirit   .   (no amulet)
rElec    .         Reflect  .   (no ring)
rCorr    .         Harm     .   (no ring)
MR       .....                  (no ring)
Stlth    +++.......             (no ring)
HPRegen  0.03/turn              (no ring)
MPRegen  0.08/turn              (no ring)
                                (no ring)
                                (no ring)

@: no status effects
A: almost no armour, stealthy swim, amphibious, 8 rings, constrict 8, camouflage
1, gelatinous body 1
a: no special abilities


You were on level 1 of the Dungeon.
You were not hungry.

You visited 1 branch of the dungeon, and saw 1 of its levels.

Inventory:

Missiles
 b - 30 stones (quivered)
Comestibles
 c - a ration


   Skills:
 - Level 2.0 Dodging
 - Level 2.6 Stealth
 + Level 2.0 Spellcasting
   Level 1.0 Transmutations
 * Level 3.0 Earth Magic


You had 3 spell levels left.
You knew the following spells:

 Your Spells              Type           Power        Failure   Level  Hunger
a - Sandblast             Erth           ##....       5%          1    #......

Your spell library contained the following spells:

 Spells                   Type           Power        Failure   Level  Hunger
 Passwall                 Tmut/Erth      #.......     13%         2    ###....
 Stone Arrow              Conj/Erth      #.....       30%         3    ###....
 Petrify                  Tmut/Erth      #.......     63%         4    #####..
 Lee's Rapid Deconstruct  Erth           ##........   83%         5    ######.


Dungeon Overview and Level Annotations

Branches:
Dungeon (1/15)

Altars:


Innate Abilities, Weirdness & Mutations

You cannot wear most types of armour.
You are very stealthy in the water. (Stealth+)
You are amphibious.
You can wear up to eight rings at the same time.
You can use your tentacles to constrict eight enemies at once.
Your skin changes colour to match your surroundings (Stealth+).
Your rubbery body absorbs attacks. (AC +1, EV +1)


Message History

Welcome, Amnesiac the Octopode Earth Elementalist.
The bosom of this dungeon contains the fabled artefact, the Orb of Zot.
Press ? for a list of commands and other information.
Found a staircase leading out of the dungeon.
Casting: Sandblast (safe; 5% risk of failure)
Confirm with . or Enter, or press ? or * to list all spells.
You don't know that spell.
Unknown command.
You open the door.
A hobgoblin and a kobold come into view.
The kobold shouts!
The hobgoblin shouts!
There is an open door here.
There are monsters nearby!
There are monsters nearby!
There are monsters nearby!
A giant cockroach comes into view.
You tentacle-slap the hobgoblin.
The hobgoblin is lightly wounded.
The hobgoblin barely misses you.
You closely miss the hobgoblin. You grab the hobgoblin.
You squeeze the hobgoblin, but do no damage.
The hobgoblin is lightly wounded.
You constrict the hobgoblin. The hobgoblin hits you.
You tentacle-slap the hobgoblin but do no damage.
The hobgoblin is heavily wounded.
You constrict the hobgoblin. The hobgoblin closely misses you.
You tentacle-slap the hobgoblin but do no damage.
The hobgoblin is severely wounded.
You constrict the hobgoblin. The hobgoblin hits you.
You tentacle-slap the hobgoblin but do no damage.
You squeeze the hobgoblin.
You kill the hobgoblin!
The kobold completely misses you. The giant cockroach bites you.
* * * LOW HITPOINT WARNING * * *
The kobold hits you with a +0 short sword.
* * * LOW HITPOINT WARNING * * *
You see here a hobgoblin corpse.
The kobold misses you.
You tentacle-slap the giant cockroach but do no damage.
You grab the giant cockroach.
You constrict the giant cockroach, but do no damage.
The giant cockroach closely misses you. The giant cockroach barely misses you.
You tentacle-slap the giant cockroach but do no damage.
You squeeze the giant cockroach.
The giant cockroach is almost dead.
You constrict the giant cockroach, but do no damage.
The giant cockroach bites you.
You die...

##≈≈P..8..P≈≈##
#≈≈≈.......≈≈≈#
#≈P.8..<..8.P≈#
#≈≈≈.......≈≈≈#
##≈≈P..8..P≈≈##
##≈≈≈.P.≈≈≈## .
##≈≈≈.≈≈≈## .#
....###8'8###...#
........Ks@.....#
.################


You could see a giant cockroach and a kobold.

Vanquished Creatures
  A hobgoblin (D:1)
1 creature vanquished.

Notes
Turn   | Place    | Note
-------+----------+-------------------------------------------
     0 | D:1      | Amnesiac the Octopode Earth Elementalist began the quest
                  | for the Orb.
     0 | D:1      | Reached XP level 1. HP: 11/11 MP: 3/3
    18 | D:1      | Slain by a giant cockroach

Vault maps used:
D:1:      lightli_arrival_statuegarden

Action                   || total
-------------------------++-------
Melee: Unarmed           ||     7
       Tentacles         ||     3
       Constrict         ||     2
Dodge: Dodged            ||     6

Table legend:
 A = Non-vault XP
 B = Vault XP
 C = Vault XP percentage of total XP
 D = Non-vault monster count
 E = Vault monster count
 F = Vault count percentage of total count
                 A         B        C        D         E       F
            +---------+---------+-------+---------+---------+-------
      Total |       2 |       0 |   0.0 |       1 |       0 |   0.0
            +---------+---------+-------+---------+---------+-------
        D:1 |       2 |       0 |   0.0 |       1 |       0 |   0.0
            +---------+---------+-------+---------+---------+-------
